 Dungeon Crawl Stone Soup version 0.31.0-12-g77e489cdc1 (webtiles) character file.

Game seed: 2075235606238453708

266 gohu the Digger (level 6, 0/36 HPs)
             Began as a Gargoyle Earth Elementalist on Feb 25, 2024.
             Killed by divine providence
             ... invoked by an orc priest
              (12 damage)
             ... on level 4 of the Dungeon.
             The game lasted 00:06:54 (3338 turns).

gohu the Digger (Gargoyle Earth Elementalist)       Turns: 3338, Time: 00:06:54

Health: 0/36       AC: 13    Str: 11    XL:     6   Next: 20%
Magic:  7/9        EV: 11    Int: 18    God:
Gold:   164        SH:  5    Dex: 10    Spells: 5/9 levels left

rFire   . . .        i - +0 sling
rCold   . . .        (no shield)
rNeg    + . .        a - +0 robe
rPois   ∞            x - +2 hat
rElec   +            u - +0 cloak
rCorr   .            (no gloves)
SInv    .            (no boots)
Will    +....        v - amulet of reflection
Stlth   ++           f - +4 ring of protection
HPRegen 0.26/turn    g - ring of willpower
MPRegen 0.11/turn

%: reflection
@: no status effects
A: sickness immunity, AC +4, negative energy resistance 1, electricity
resistance, torment resistance 1, petrification resistance
a: no special abilities


You were on level 4 of the Dungeon.
You visited 1 branch of the dungeon, and saw 4 of its levels.

You collected 164 gold pieces.

Inventory:

Hand Weapons
 e - a +0 club
 i - a +0 sling (weapon)
 k - a +1 dagger of holy wrath
Missiles
 h - 18 stones
 n - 3 poisoned darts
Armour
 a - a +0 robe (worn)
 u - a +0 cloak (worn)
 x - a +2 hat (worn)
Jewellery
 f - a +4 ring of protection (left hand)
 g - a ring of willpower (right hand)
 v - an amulet of reflection (around neck)
 w - a ring of flight
Wands
 o - a wand of iceblast (12)
Scrolls
 c - a scroll of poison {unknown}
 d - 4 scrolls of identify {unknown}
 q - 3 scrolls of teleportation {unknown}
 r - a scroll of fear {unknown}
 s - a scroll of immolation {unknown}
 t - a scroll of revelation {unknown}
Potions
 b - 2 potions of magic
 j - a potion of cancellation {unknown}
 l - a potion of enlightenment {unknown}
 m - 2 potions of curing {unknown}
 p - a potion of resistance {unknown}
 z - a potion of ambrosia {unknown}


   Skills:
 - Level 2.5 Fighting
 - Level 1.5 Dodging
 - Level 2.1 Stealth
 - Level 2.0 Spellcasting
 * Level 3.6 Conjurations
 * Level 6.3 Earth Magic


You had 5 spell levels left.
You knew the following spells:

 Your Spells              Type           Power      Damage    Failure   Level
a - Sandblast             Erth           48%        2d12      1%          1
b - Stone Arrow           Conj/Erth      38%        3d9       7%          3

Your spell library contained the following spells:

 Spells                   Type           Power      Damage    Failure   Level
 Passwall                 Erth           24%        N/A       4%          3
 Brom's Barrelling Bould  Conj/Erth      19%        2d4       24%         4
 Petrify                  Alch/Erth      13%        N/A       45%         4


Dungeon Overview and Level Annotations

Branches:
Dungeon (4/15)
 Temple: D:4-7

Altars:
Uskayaw

Annotations:
D:3 2 transporters


Innate Abilities, Weirdness & Mutations

You are immune to sickness and miasma.
Your stone body is resilient. (AC +4)
You are immune to poison.
You resist negative energy. (rN+)
You are resistant to electric shocks. (rElec)
You are resistant to unholy torment.
You are immune to petrification.


Message History

You start putting on your armour.
You continue putting on your +2 hat. x4
You finish putting on your +2 hat.
z - a pink potion You now have 164 gold pieces (gained 17).
An orc priest comes into view. It is wielding a +0 dagger.
Casting: Sandblast (safe; 1% risk of failure)
Confirm with . or Enter, or press ? or * to list all spells.
Aiming: Sandblast (safe; 1% risk of failure)
Press: ? - help, Shift-Dir - straight line, f - orc priest
Aim: an orc priest, wielding a +0 dagger (asleep, 100% to hit)
The blast of sand hits the orc priest!
The orc priest is heavily wounded.
The orc priest shouts!
You hear a shout!
An orc priest comes into view. It is wielding a +0 club.
An orc comes into view. It is wielding a +0 short sword.
Casting: Sandblast (safe; 1% risk of failure)
Confirm with . or Enter, or press ? or * to list all spells.
Aiming: Sandblast (safe; 1% risk of failure)
Press: ? - help, Shift-Dir - straight line, f/p - orc priest
Aim: an orc priest, wielding a +0 dagger (heavily wounded, 83% to hit)
The blast of sand hits the orc priest.
The orc priest is severely wounded.
The orc priest hits you but does no damage.
The orc priest invokes the aid of Beogh against you.
Beogh smites you!
The orc priest mumbles some strange prayers to Beogh against you.
Beogh smites you!
* * * LOW HITPOINT WARNING * * *
Casting: Sandblast (safe; 1% risk of failure)
Confirm with . or Enter, or press ? or * to list all spells.
Aiming: Sandblast (safe; 1% risk of failure)
Press: ? - help, Shift-Dir - straight line, f/p - orc priest
Aim: an orc priest, wielding a +0 dagger (severely wounded, 83% to hit)
The blast of sand hits the orc priest!
You kill the orc priest!
The orc hits you but does no damage. The orc attacks as it pursues you!
You block the orc's attack.
The orc priest calls down the wrath of Beogh upon you.
Beogh smites you!
You die...

.. #.####. #.# .# .# #.# #. ..#
..# .###.# ##.# #. #.# ####)#
..... ###..# #. #.####....# ...#
#....# #. ####......#### ##....
#.##.# ## #............###.>#
....##.#
#....####..o....^.#...####..#####
#....####.....o.@.>..............
.................####.####.######
##...####....#...............#
.....#######....#.##.........####
...#...........##................
..########...### #####.......####
..# ####[.### #.......# ..#
#....## #.......#### ..# ##.####
#....[......


You could see an orc priest and an orc.

Vanquished Creatures
  2 orc priests
  A hound (D:4)
  An iguana (D:4)
  7 adders
  A shadow imp (D:3)
  2 ribbon worms (D:2)
  A dart slug (D:1)
  2 orcs
  4 endoplasms
  4 giant cockroaches
  8 goblins
  5 hobgoblins
  7 jackals (D:1)
  3 quokkas
  5 ball pythons
  7 bats
  3 frilled lizards
  5 kobolds
  5 rats
73 creatures vanquished.

Notes
Turn   | Place    | Note
-------+----------+-------------------------------------------
     0 | D:1      | gohu the Gargoyle Earth Elementalist began the quest for
                  | the Orb.
     0 | D:1      | Reached XP level 1. HP: 10/10 MP: 3/3
   172 | D:1      | Reached skill level 4 in Earth Magic
   172 | D:1      | Reached XP level 2. HP: 16/16 MP: 3/5
   340 | D:1      | Reached skill level 1 in Fighting
   659 | D:1      | Reached XP level 3. HP: 20/20 MP: 4/6
   663 | D:1      | Learned a level 3 spell: Stone Arrow
  1214 | D:2      | You fall into a shaft and drop 2 floors!
  1259 | D:4      | Reached skill level 5 in Earth Magic
  1259 | D:4      | Reached XP level 4. HP: 26/26 MP: 3/7
  1574 | D:2      | Reached XP level 5. HP: 30/30 MP: 4/8
  2305 | D:3      | Identified the +7 short sword of the Endless March {pain,
                  | Dex+4}
  2379 | D:3      | Found a transporter.
  2381 | D:3      | Found a transporter.
  2381 | D:3      | Noticed an orc warrior
  2391 | D:3      | Found a hide-covered altar of Uskayaw.
  2788 | D:3      | Reached skill level 6 in Earth Magic
  3038 | D:4      | Reached XP level 6. HP: 35/36 MP: 3/9
  3338 | D:4      | Killed from afar by an orc priest

Illustrated notes

Levels and vault maps discovered:
D:1:      dpeg_arrival_fog, layout_loops_cross, hex_tiny
D:2:      layout_basic
D:3:      layout_basic, gammafunk_temple_overflow_arena
D:4:      layout_rooms, lemuel_tele_altar, nicolae_ru_great_annihilating_truth,
          minmay_temple_entry_enclosed_plants

Skill      XL: |  1  2  3  4  5 |
---------------+----------------+-----
Earth Magic    | 4 5 6 |  6.3
Fighting       | 1 2 |  2.5
Conjurations   | 2 3 |  3.6
Dodging        | |  1.5
Stealth        | |  2.1
Spellcasting   | |  2.0

Action                     |  1- 3 |  4- 6 || total
---------------------------+-------+-------++-------
  Melee: Club              |     7 |       ||     7
         Unarmed           |     1 |       ||     1
   Fire: Sling             |     3 |    14 ||    17
  Throw: Stone             |     8 |       ||     8
   Cast: Sandblast         |    47 |    56 ||   103
 Armour: Robe              |    15 |    17 ||    32
  Dodge: Dodged            |    23 |    10 ||    33
  Block: Other             |       |     1 ||     1
